BSA
GREENVILLE 84S @ NASHVILLE G-STRINGS
05/05/2029
 
TOP OF THE 1ST
Greenville 84s batting - Pitching for Nashville G-Strings : RHP Clint John
Pitching: RHP Clint John
Batting: LHB Paco Rosas 0-0: Swinging Strike
0-1: Swinging Strike
0-2: SINGLE (Line Drive, 4D)
Batting: LHB Jimmy Vickers 0-0: Ball
Paco Rosas steals 2nd base
1-0: Ball
2-0: Called Strike
2-1: Foul Ball, location: 2F
2-2: Fly out, F4 (Line Drive, 4)
Lined into DP, 4-6 (Line Drive, 4)
Batting: RHB Enzo Díaz 0-0: Ball
1-0: Ball
2-0: Ball
3-0: Base on Balls
Batting: LHB Juan Cortés 0-0: Ball
1-0: Ball
2-0: Foul Ball, location: 2F
2-1: Ball
3-1: SINGLE (Line Drive, 4)
Enzo Díaz to second
Batting: LHB Brock Larsen 0-0: Called Strike
0-1: Swinging Strike
0-2: Strikes out swinging
Top of the 1st over - 0 runs, 2 hits, 0 errors, 2 left on base; Greenville 0 - Nashville 0
BOTTOM OF THE 1ST
Nashville G-Strings batting - Pitching for Greenville 84s : RHP Andrés Vázquez
Pitching: RHP Andrés Vázquez
Batting: SHB Jorge Flores 0-0: Ground out 6-3 (Groundball, 6)
Batting: LHB Miguel Rivería 0-0: Swinging Strike
0-1: Ball
1-1: Swinging Strike
1-2: Foul Ball, location: 2F
1-2: Strikes out looking
Batting: RHB Sergio Márquez 0-0: Foul Ball, location: 2F
0-1: Called Strike
0-2: Foul Ball, location: 2F
0-2: Ball
1-2: Ground out 1-3 (Groundball, P)
Bottom of the 1st over - 0 runs, 0 hits, 0 errors, 0 left on base; Greenville 0 - Nashville 0
TOP OF THE 2ND
Greenville 84s batting - Pitching for Nashville G-Strings : RHP Clint John
Batting: LHB Robert Moore 0-0: Foul Ball, location: 2F
0-1: Ball
1-1: Foul Ball, location: 2F
1-2: Foul Ball, location: 2F
1-2: Ball
2-2: Ball
3-2: Ground out 4-3 (Groundball, 4)
Batting: RHB Robert Buckley 0-0: Foul Ball, location: 2F
0-1: Ball
1-1: Ball
2-1: Ball
3-1: SINGLE (Groundball, 34D)
Batting: LHB Chris Moore 0-0: Called Strike
0-1: Swinging Strike
0-2: Foul Ball, location: 2F
0-2: Foul Ball, location: 2F
0-2: Foul Ball, location: 2F
0-2: Ball
1-2: SINGLE (Line Drive, 78S)
Robert Buckley to second
Batting: LHB José Costa 0-0: Called Strike
0-1: Ball
1-1: Ball
2-1: Grounds into double play, 5-4-3 (Groundball, 5)
Top of the 2nd over - 0 runs, 2 hits, 0 errors, 1 left on base; Greenville 0 - Nashville 0
BOTTOM OF THE 2ND
Nashville G-Strings batting - Pitching for Greenville 84s : RHP Andrés Vázquez
Batting: RHB Eric Thompson 0-0: Ball
1-0: Ground out 4-3 (Groundball, 4)
Batting: RHB Vicente Aguirre 0-0: Called Strike
0-1: Ball
1-1: Ball
2-1: SINGLE (Groundball, 34D)
Batting: LHB Mike Callahan 0-0: Ball
1-0: Ball
2-0: Grounds into double play, 5-4-3 (Groundball, 56)
Bottom of the 2nd over - 0 runs, 1 hit, 0 errors, 0 left on base; Greenville 0 - Nashville 0
TOP OF THE 3RD
Greenville 84s batting - Pitching for Nashville G-Strings : RHP Clint John
Batting: LHB Paco Rosas 0-0: Ball
1-0: Foul Ball, location: 2F
1-1: Ball
2-1: Foul Ball, location: 2F
2-2: Foul Ball, location: 2F
2-2: Ball
3-2: Foul Ball, location: 2F
3-2: Fly out, F7 (Flyball, 7S)
Batting: LHB Jimmy Vickers 0-0: DOUBLE (Line Drive, 7LM)
Batting: RHB Enzo Díaz 0-0: Ball
1-0: Called Strike
1-1: Ground out 6-3 (Groundball, 6)
Batting: LHB Juan Cortés 0-0: Foul Ball, location: 2F
0-1: Ball
1-1: Ball
2-1: Swinging Strike
2-2: Ball
3-2: Foul Ball, location: 2F
3-2: SINGLE (Groundball, 34) (infield hit)
Jimmy Vickers to third
Batting: LHB Brock Larsen 0-0: Called Strike
0-1: Ball
1-1: Foul Ball, location: 2F
1-2: Ball
2-2: Foul Ball, location: 2F
2-2: Strikes out swinging
Top of the 3rd over - 0 runs, 2 hits, 0 errors, 2 left on base; Greenville 0 - Nashville 0
BOTTOM OF THE 3RD
Nashville G-Strings batting - Pitching for Greenville 84s : RHP Andrés Vázquez
Batting: RHB Shawn Marshall 0-0: Called Strike
0-1: Ball
1-1: Swinging Strike
1-2: Ball
2-2: Strikes out swinging
Batting: SHB Martín Medina 0-0: Called Strike
0-1: Ball
1-1: Foul Ball, location: 2F
1-2: Foul Ball, location: 2F
1-2: Ball
2-2: Ground out U3 (Groundball, 34)
Batting: LHB Jesús Núñez 0-0: Called Strike
0-1: Swinging Strike
0-2: Foul Ball, location: 2F
0-2: Ball
1-2: Strikes out swinging
Bottom of the 3rd over - 0 runs, 0 hits, 0 errors, 0 left on base; Greenville 0 - Nashville 0
TOP OF THE 4TH
Greenville 84s batting - Pitching for Nashville G-Strings : RHP Clint John
Batting: LHB Robert Moore 0-0: Foul Ball, location: 2F
0-1: Ball
1-1: Foul Ball, location: 2F
1-2: Strikes out looking
Batting: RHB Robert Buckley 0-0: Ground out 4-3 (Groundball, 4S)
Batting: LHB Chris Moore 0-0: Swinging Strike
0-1: Ball
1-1: Ball
2-1: Ball
3-1: Base on Balls
Batting: LHB José Costa 0-0: Swinging Strike
0-1: Ball
1-1: Ball
2-1: Foul Ball, location: 2F
2-2: Strikes out swinging
Top of the 4th over - 0 runs, 0 hits, 0 errors, 1 left on base; Greenville 0 - Nashville 0
BOTTOM OF THE 4TH
Nashville G-Strings batting - Pitching for Greenville 84s : RHP Andrés Vázquez
Batting: SHB Jorge Flores 0-0: Called Strike
0-1: Ball
1-1: Ball
2-1: Foul Ball, location: 2F
2-2: Foul Ball, location: 2F
2-2: Foul Ball, location: 2F
2-2: Foul Ball, location: 2F
2-2: Fly out, F8 (Flyball, 89D)
Batting: LHB Miguel Rivería 0-0: Called Strike
0-1: Ball
1-1: Foul Ball, location: 2F
1-2: Ball
2-2: Strikes out swinging
Batting: RHB Sergio Márquez 0-0: Ball
1-0: Foul Ball, location: 2F
1-1: Ball
2-1: Foul Ball, location: 2F
2-2: Ball
3-2: SINGLE (Groundball, 56D)
Batting: RHB Eric Thompson 0-0: Ground out 6-3 (Groundball, 6MD)
Bottom of the 4th over - 0 runs, 1 hit, 0 errors, 1 left on base; Greenville 0 - Nashville 0
TOP OF THE 5TH
Greenville 84s batting - Pitching for Nashville G-Strings : RHP Clint John
Batting: LHB Paco Rosas 0-0: Called Strike
0-1: Ball
1-1: Ball
2-1: Foul Ball, location: 2F
2-2: DOUBLE (Line Drive, 8RXD)
Batting: LHB Jimmy Vickers 0-0: Foul Ball, location: 2F
0-1: SINGLE (Line Drive, 3L)
Paco Rosas to third
Batting: RHB Enzo Díaz 0-0: Swinging Strike
0-1: Swinging Strike
0-2: Ball
1-2: Fly out, F3 (Popup, 3S)
Batting: LHB Juan Cortés 0-0: Ball
1-0: Ball
2-0: Ball
3-0: Called Strike
3-1: Grounds into double play, 6-4-3 (Groundball, 6)
Top of the 5th over - 0 runs, 2 hits, 0 errors, 1 left on base; Greenville 0 - Nashville 0
BOTTOM OF THE 5TH
Nashville G-Strings batting - Pitching for Greenville 84s : RHP Andrés Vázquez
Batting: RHB Vicente Aguirre 0-0: Ball
1-0: Foul Ball, location: 2F
1-1: Swinging Strike
1-2: Strikes out swinging
Batting: LHB Mike Callahan 0-0: Called Strike
0-1: Foul Ball, location: 2F
0-2: Ball
1-2: DOUBLE (Groundball, 5L)
Batting: RHB Shawn Marshall 0-0: Foul Ball, location: 2F
0-1: Ball
1-1: Ball
2-1: Foul Ball, location: 2F
2-2: Ground out 4-3 (Groundball, 4)
Mike Callahan to third
Batting: SHB Martín Medina 0-0: Ball
1-0: SINGLE (Line Drive, 56D)
Mike Callahan scores
Batting: LHB Jesús Núñez 0-0: Called Strike
0-1: Called Strike
0-2: Ball
Martín Medina steals 2nd base
1-2: Fly out, F8 (Flyball, 8RS)
Bottom of the 5th over - 1 run, 2 hits, 0 errors, 1 left on base; Greenville 0 - Nashville 1
TOP OF THE 6TH
Greenville 84s batting - Pitching for Nashville G-Strings : RHP Clint John
Batting: LHB Brock Larsen 0-0: Ground out 4-3 (Groundball, 34D)
Batting: LHB Robert Moore 0-0: Ball
1-0: Ground out 5-3 (Groundball, 5)
Batting: RHB Robert Buckley 0-0: Called Strike
0-1: Foul Ball, location: 2F
0-2: Strikes out swinging
Top of the 6th over - 0 runs, 0 hits, 0 errors, 0 left on base; Greenville 0 - Nashville 1
BOTTOM OF THE 6TH
Nashville G-Strings batting - Pitching for Greenville 84s : RHP Andrés Vázquez
Batting: SHB Jorge Flores 0-0: Foul Ball, location: 2F
0-1: Ball
1-1: Swinging Strike
1-2: Strikes out swinging
Batting: LHB Miguel Rivería 0-0: Ball
1-0: Ball
2-0: Ball
3-0: Called Strike
3-1: Base on Balls
Pitching: RHP Ricardo Trujillo
Batting: RHB Sergio Márquez 0-0: Ball
1-0: Fly out, F7 (Line Drive, 7S)
Batting: RHB Eric Thompson 0-0: Foul Ball, location: 2F
0-1: Called Strike
0-2: Foul Ball, location: 2F
0-2: Ball
1-2: Foul Ball, location: 2F
1-2: Foul Ball, location: 2F
1-2: Ball
2-2: Ball
3-2: Foul Ball, location: 2F
3-2: Fly out, F7 (Line Drive, 7)
Bottom of the 6th over - 0 runs, 0 hits, 0 errors, 1 left on base; Greenville 0 - Nashville 1
TOP OF THE 7TH
Greenville 84s batting - Pitching for Nashville G-Strings : RHP Clint John
Batting: LHB Chris Moore 0-0: SINGLE (Groundball, 6MD)
Pitching: RHP Noriyuki Matsui
Batting: LHB José Costa 0-0: Swinging Strike
0-1: Ball
1-1: Ball
2-1: Ball
3-1: Base on Balls
Chris Moore to second
Pitching: LHP Raúl Sandoval
Batting: LHB Paco Rosas 0-0: Fly out, F9 (Flyball, 89D)
Batting: LHB Jimmy Vickers 0-0: Swinging Strike
0-1: Swinging Strike
0-2: Ball
1-2: Ball
2-2: Foul Ball, location: 2F
2-2: Strikes out looking
Pitching: RHP George Lockhart
Batting: RHB Enzo Díaz 0-0: Fly out, F9 (Flyball, 9S)
Top of the 7th over - 0 runs, 1 hit, 0 errors, 2 left on base; Greenville 0 - Nashville 1
BOTTOM OF THE 7TH
Nashville G-Strings batting - Pitching for Greenville 84s : RHP Ricardo Trujillo
Batting: RHB Vicente Aguirre 0-0: Called Strike
0-1: Ground out 2-3 (Groundball, 2R)
Pitching: LHP Sam Kettley
Batting: LHB Mike Callahan 0-0: Fly out, F2 (Popup, 2L)
Pitching: RHP Tomás González
Batting: RHB Shawn Marshall 0-0: Ball
1-0: Ground out U3 (Groundball, 3L)
Bottom of the 7th over - 0 runs, 0 hits, 0 errors, 0 left on base; Greenville 0 - Nashville 1
TOP OF THE 8TH
Greenville 84s batting - Pitching for Nashville G-Strings : RHP George Lockhart
Batting: LHB Juan Cortés 0-0: Ball
1-0: Ball
2-0: Ball
3-0: Base on Balls
Pitching: RHP Arturo Leal
Batting: LHB Brock Larsen 0-0: Called Strike
0-1: Ball
1-1: Called Strike
1-2: Ball
2-2: 2-RUN HOME RUN (Flyball, 9LD), Distance : 437 ft
Batting: LHB Robert Moore 0-0: Ball
1-0: Ball
2-0: Ground out U3 (Groundball, 34S)
Batting: RHB Robert Buckley 0-0: Foul Ball, location: 2F
0-1: Ball
1-1: Fly out, F7 (Flyball, 7LSF)
Batting: LHB Chris Moore 0-0: Ball
1-0: Foul Ball, location: 2F
1-1: Called Strike
1-2: Strikes out looking
Top of the 8th over - 2 runs, 1 hit, 0 errors, 0 left on base; Greenville 2 - Nashville 1
BOTTOM OF THE 8TH
Nashville G-Strings batting - Pitching for Greenville 84s : RHP Tomás González
Batting: SHB Martín Medina 0-0: Fly out, F7 (Line Drive, 7)
Batting: LHB Jesús Núñez 0-0: Ball
1-0: Foul Ball, location: 2F
1-1: TRIPLE (Line Drive, 8RXD)
Batting: SHB Jorge Flores 0-0: Called Strike
0-1: Ball
1-1: Ball
2-1: Ball
3-1: Called Strike
3-2: Foul Ball, location: 2F
3-2: Base on Balls
Batting: LHB Miguel Rivería 0-0: Ball
1-0: Foul Ball, location: 2F
1-1: Ball
2-1: SINGLE (Groundball, 4S) (infield hit)
Jesús Núñez scores
Jorge Flores to second
Batting: RHB Sergio Márquez 0-0: Ball
1-0: SINGLE (Groundball, 6MD)
Jorge Flores to third
Miguel Rivería to second
Runner from 3rd tries for Home, SAFE, throw made home
Batting: RHB Eric Thompson 0-0: Fly out, F7 (Flyball, 7S)
Batting: RHB Vicente Aguirre 0-0: Ball
1-0: Ball
2-0: Ball
3-0: Base on Balls
Miguel Rivería to third
Sergio Márquez to second
Pitching: LHP Raymond Ritchie
Batting: LHB Mike Callahan 0-0: Ball
1-0: Ground out 1-3 (Groundball, 13)
Bottom of the 8th over - 2 runs, 3 hits, 0 errors, 3 left on base; Greenville 2 - Nashville 3
TOP OF THE 9TH
Greenville 84s batting - Pitching for Nashville G-Strings : RHP Arturo Leal
Pitching: RHP Johnathan Phillips
Batting: LHB José Costa 0-0: Called Strike
0-1: Ball
1-1: Ball
2-1: Ball
3-1: Foul Ball, location: 2F
3-2: Foul Ball, location: 2F
3-2: Foul Ball, location: 2F
3-2: Foul Ball, location: 2F
3-2: Foul Ball, location: 2F
3-2: Fly out, F7 (Flyball, 7D)
Batting: LHB Paco Rosas 0-0: Ball
1-0: Ground out 4-3 (Groundball, 4D)
Batting: LHB Jimmy Vickers 0-0: Called Strike
0-1: Called Strike
0-2: Ball
1-2: Ground out 6-3 (Groundball, 56)
Top of the 9th over - 0 runs, 0 hits, 0 errors, 0 left on base; Greenville 2 - Nashville 3
Saturday, December 16th, 2017 - OOTP Baseball 18.8 Build 76